Map: Neon Violet Square LE

Players

Zenit - Winner!

  • Race: Terran Terran
  • League: Platinum
  • Spawn Location: 11:00

ILIEKEGGPIE

  • Race: Protoss Protoss
  • League: Platinum
  • Spawn Location: 5:00

VOD

Have the link to the VOD?

Description

Time

  • Played on: April 5, 2018, 7:26 p.m.
  • Length: 10:55
Show
View Real Time Build Order
Export as new Build Order

Zenit Terran - Winner!

Build Orders: Liberator Opening, Bio Tank 

Get SALT Encoding   

  12  0:01  SCV  
  13  0:13  SCV  
  14  0:19  Supply Depot  
  14  0:26  SCV  
  15  0:35  Refinery  
  15  0:41  SCV  
  16  0:47  Barracks  
  16  0:53  SCV  
  17  1:05  SCV  
  18  1:17  SCV  
  19  1:19  Supply Depot  
  19  1:29  SCV  
  20  1:35  Marine  
  21  1:42  Orbital Command  
  21  1:49  Factory  
  21  1:56  Marine  
  21  2:00  Refinery  
  22  2:33  Command Center  
  22  2:56  Marine  
  23  2:58  Starport  
  23  3:00  Factory Tech Lab  
  23  3:02  SCV  
  24  3:15  Marine  
  24  3:17  Bunker  
  24  3:19  Liberator  
  25  3:22  SCV  
  26  3:33  Supply Depot  
  29  3:43  Starport  
  29  3:51  Barracks, Barracks Tech Lab  
  29  3:52  Siege Tank  
  32  3:59  Orbital Command  
  32  4:01  Liberator  
  32  4:03  SCV  
  33  4:10  Marine  
  34  4:23  SCV  
  34  4:24  Engineering Bay  
  38  4:27  SCV  
  39  4:43  Siege Tank  
  42  4:52  SCV x2  
  44  4:54  Marine  
  45  5:00  Liberator  
  45  5:08  Refinery  
  45  5:15  Siege Tank  
  45  5:19  Marine  
  49  5:34  Marine  
  50  5:37  Stimpack, Marine  
  48  5:49  SCV x2  
  50  5:51  Marine  
  50  5:54  Marine  
  52  5:59  Liberator  
  52  6:01  Starport  
  52  6:09  Marine  
  53  6:14  Marine  
  57  6:21  SCV x2  
  59  6:38  Marine x2  
  61  6:41  SCV  
  61  6:43  SCV  
  61  6:46  Supply Depot  
  60  6:52  Siege Tank  
  60  6:56  Marine x2  
  62  7:05  Barracks  
  62  7:06  Barracks  
  62  7:13  Marine  
  62  7:18  Marine  
  63  7:24  Siege Tank  
  63  7:28  Missile Turret  
  66  7:33  Liberator  
  63  7:49  Medivac  
  68  7:52  Marine x2  
  70  8:01  Combat Shields  
  70  8:10  Marine x3, Siege Tank  
  70  8:11  Supply Depot  
  76  8:18  Marine  
  77  8:24  Command Center  
  77  8:28  Marine  
  77  8:32  Marine x2  
  80  8:35  Supply Depot  
  80  8:36  Marine  
  81  8:42  Siege Tank  
  86  8:49  Marine  
  86  8:51  Liberator  
  86  8:52  Marine  
  85  8:58  Marine x2, Supply Depot  
  90  9:14  Siege Tank  
  90  9:15  Marine x2  
  94  9:51  Viking  
  95  9:58  Marine  
  88  10:10  Marine x3  
  88  10:15  Siege Tank  
  88  10:16  Marine  
  91  10:21  Viking  
  91  10:27  Marine  
  91  10:28  Marine  
  99  10:51  Refinery  
Show
View Real Time Build Order
Export as new Build Order

ILIEKEGGPIE Protoss 

Build Orders: Double Forge 

Get SALT Encoding   

  12  0:01  Probe  
  13  0:13  Probe  
  14  0:18  Pylon  
  14  0:25  Probe (Chrono Boost)  
  15  0:37  Probe (Chrono Boost)  
  15  0:40  Gateway  
  16  0:44  Probe (Chrono Boost)  
  17  0:54  Assimilator  
  17  0:57  Probe (Chrono Boost)  
  18  1:08  Probe (Chrono Boost)  
  19  1:14  Probe (Chrono Boost)  
  20  1:23  Probe  
  21  1:35  Probe  
  22  1:40  Cybernetics Core  
  22  1:47  Probe  
  23  2:00  Pylon  
  23  2:01  Assimilator  
  23  2:05  Probe  
  23  2:10  Gateway  
  23  2:14  Warp Gate (Chrono Boost)  
  23  2:17  Stalker  
  25  2:41  Nexus  
  24  2:50  Stalker (Chrono Boost)  
  26  3:03  Robotics Facility  
  26  3:04  Probe  
  29  3:16  Stalker (Chrono Boost)  
  29  3:18  Pylon  
  29  3:36  Stalker  
  31  3:41  Forge  
  31  3:44  Stalker, Forge  
  33  3:50  Observer  
  33  3:54  Probe (Chrono Boost)  
  36  3:59  Probe (Chrono Boost)  
  36  4:12  Immortal  
  40  4:25  Gateway  
  40  4:46  Assimilator  
  40  4:54  Assimilator, Probe  
  41  5:05  Stalker  
  38  5:31  Probe (Chrono Boost)  
  40  5:36  Probe (Chrono Boost)  
  40  5:41  Probe (Chrono Boost)  
  41  5:45  Stalker, Probe (Chrono Boost)  
  41  5:49  Probe (Chrono Boost)  
  45  5:54  Probe (Chrono Boost)  
  45  6:14  Stalker  
  44  6:31  Probe x2  
  46  6:43  Probe  
  47  6:59  Probe (Chrono Boost)  
  49  7:04  Pylon  
  49  7:05  Probe (Chrono Boost)  
  43  7:19  Stalker  
  43  7:20  Stalker x2  
  45  7:27  Protoss Ground Armor Level 1 (Chrono Boost), Protoss Ground Weapons Level 1 (Chrono Boost)  
  45  7:39  Probe (Chrono Boost)  
  47  7:45  Probe (Chrono Boost)  
  47  7:48  Probe (Chrono Boost)  
  49  7:52  Probe (Chrono Boost)  
  49  8:05  Stalker  
  49  8:06  Stalker x2  
  49  8:09  Probe (Chrono Boost)  
  57  8:14  Probe (Chrono Boost)  
  57  8:19  Immortal (Chrono Boost)  
  61  8:29  Probe  
  62  8:49  Pylon  
  62  8:59  Pylon  
  62  9:08  Probe (Chrono Boost)  
  64  9:13  Probe (Chrono Boost)  
  64  9:16  Probe (Chrono Boost)  
  65  9:20  Probe (Chrono Boost)  
  65  9:22  Probe  
  67  9:32  Nexus, Probe  
  67  9:34  Probe, Pylon  
  67  9:38  Robotics Bay  
  64  9:44  Probe  
  64  9:46  Probe  
  65  9:56  Probe  
  64  10:06  Stalker x2  
  44  10:33  Stalker x3  
  40  10:48  Pylon  
Tags
 
Add a new tag
Caveats
  • Supply blocks, unpowered buildings, or Contaminate may cause inaccurate times.
  • Supply counts are checked every 10 seconds.